 Dungeon Crawl Stone Soup version 0.20.1-1-g8b1a95d (webtiles) character file.

123 Fisto the Cudgeler (level 5, -1/32 HPs)
             Began as a Gargoyle Gladiator on Nov 5, 2017.
             Slain by riftlatte's ghost (5 damage)
             ... on level 3 of the Dungeon.
             The game lasted 00:18:20 (2378 turns).

Fisto the Cudgeler (Gargoyle Gladiator)             Turns: 2378, Time: 00:18:21

Health: -1/32      AC: 10    Str: 16 (19) XL:     5   Next: 7%
Magic:  5/5        EV: 11    Int:  6 (8)  God:
Gold:   94         SH:  0    Dex:  9 (11) Spells: 4/4 levels left

rFire    . . .     SeeInvis .   a - +0 flail
rCold    . . .     Gourm    .   (no shield)
rNeg     + . .     Faith    .   t - +0 ring mail
rPois    ∞         Spirit   .   c - +0 helmet
rElec    +         Reflect  .   (no cloak)
rCorr    .         Harm     .   (no gloves)
MR       .....                  (no boots)
Stlth    +.........             (no amulet)
Regen    0.1/turn               (no ring)
MPRegen  0.1/turn               (no ring)

@: no status effects
A: negative energy resistance 1, electricity resistance, unbreathing,
petrification resistance, rot immunity, AC +4
a: no special abilities


You were on level 3 of the Dungeon.
You were hungry.

You visited 1 branch of the dungeon, and saw 3 of its levels.

You collected 94 gold pieces.

Inventory:

Hand Weapons
 a - a +0 flail (weapon)
 k - a +0 hunting sling
 x - a +0 rapier
Missiles
 d - a throwing net (quivered)
 m - 75 stones
Armour
 b - a +0 leather armour
 c - a +0 helmet (worn)
 n - a +0 robe
 t - a +0 ring mail (worn)
Jewellery
 f - an uncursed amulet of the gourmand {unknown}
Scrolls
 e - a scroll of fog {unknown}
 l - 2 scrolls of teleportation {unknown}
 o - a scroll of immolation {unknown}
 p - a scroll of enchant weapon {unknown}
 q - a scroll of recharging {unknown}
 r - a scroll of blinking {unknown}
 v - 2 scrolls of remove curse {unknown}
 y - 2 scrolls of identify {unknown}
Potions
 h - a potion of resistance {unknown}
 i - a potion of heal wounds {unknown}
 j - a potion of curing {unknown}
 u - a potion of might {unknown}
Comestibles
 g - a royal jelly
 w - a bread ration


   Skills:
 + Level 3.1 Fighting
 + Level 4.0 Maces & Flails
 + Level 0.8(1.4) Slings
 + Level 1.9(2.0) Throwing
 + Level 1.4 Armour
 + Level 3.0 Dodging
 + Level 0.5 Stealth


You had 4 spell levels left.
You didn't know any spells.

Dungeon Overview and Level Annotations

Branches:
Dungeon (3/15)

Altars:
The Shining One

Annotations:
D:3 riftlatte's ghost, amateur GrFi


Innate Abilities, Weirdness & Mutations

You are resistant to torment.
Your stone body is resilient. (AC +4)
You are immune to poison.
You resist negative energy. (rN+)
You are resistant to electric shocks. (rElec)
You can survive without breathing.
You are immune to petrification.
You are immune to rotting.


Message History

You hit riftlatte's ghost but do no damage.
Riftlatte's ghost is severely damaged.
Riftlatte's ghost hits you but does no damage.
You hit riftlatte's ghost but do no damage.
Riftlatte's ghost is severely damaged.
Riftlatte's ghost hits you but does no damage.
You barely miss riftlatte's ghost.
Riftlatte's ghost is severely damaged.
Riftlatte's ghost hits you.
It was a potion of degeneration.
There was something very wrong with that liquid.
You feel weakened.
You feel dopey.
You feel clumsy. Riftlatte's ghost hits you.
Your ring mail prevents you from hitting riftlatte's ghost.
Riftlatte's ghost is severely damaged.
Riftlatte's ghost hits you!
* * * LOW HITPOINT WARNING * * *
Riftlatte's ghost closely misses you. Riftlatte's ghost hits you.
You die...

...<.......
#................
........###.#
######.##########
........# #.# #.#
......### #.# #.#
..#.#.# #.##### #.#
....#.# #.. ..# #.#
#.#.#.# #.# #.# #.#
#....<#####.# #W####.#
###.........###.@....#
....#######.....######
###.#########.###
#......# #.# ..
###.####.# #.# ...
....# #.# #.# ...
##### #.# #.# #.# #.#
#.# #.# #.# #.# #.#


You could see riftlatte's ghost.

Vanquished Creatures
  7 adders
  2 worms (D:3)
  A dart slug (D:1)
  2 leopard geckos (D:1)
  6 bats
  2 giant cockroaches
  11 goblins
  5 hobgoblins
  5 kobolds
  A quokka (D:2)
  6 frilled lizards
  5 rats
53 creatures vanquished.

Notes
Turn   | Place    | Note
-------+----------+-------------------------------------------
     0 | D:1      | Fisto the Gargoyle Gladiator began the quest for the Orb.
     0 | D:1      | Reached XP level 1. HP: 12/12 MP: 1/1
   225 | D:1      | Reached XP level 2. HP: 9/18 MP: 2/2
   649 | D:1      | Reached XP level 3. HP: 20/22 MP: 3/3
  1039 | D:2      | Reached skill level 1 in Armour
  1039 | D:2      | Reached XP level 4. HP: 27/27 MP: 4/4
  2258 | D:3      | Reached XP level 5. HP: 32/32 MP: 5/5
  2284 | D:3      | Found a glowing golden altar of the Shining One.
  2334 | D:3      | Reached skill level 4 in Maces & Flails
  2363 | D:3      | Noticed riftlatte's ghost (amateur GrFi)
  2378 | D:3      | Slain by riftlatte's ghost

Skill      XL: |  1  2  3  4  5 |
---------------+----------------+-----
Armour         | 1 |  1.4
Dodging        | 3 |  3.0
Fighting       | 3 |  3.1
Maces & Flails | 4 |  4.0
Slings         | |  0.8
Throwing       | |  1.9
Stealth        | |  0.5

Action                   |  1- 3 |  4- 6 || total
-------------------------+-------+-------++-------
Melee: Flail             |    85 |   113 ||   198
 Fire: Hunting sling     |     3 |     8 ||    11
Throw: Stone             |       |     6 ||     6
       Throwing net      |       |     5 ||     5
  Use: Potion            |       |     1 ||     1
  Eat: Bread ration      |       |     1 ||     1
Armor: Leather armour    |    43 |     5 ||    48
       Ring mail         |       |    65 ||    65
Dodge: Dodged            |    65 |    93 ||   158
